 Dungeon Crawl Stone Soup version 0.20.0-10-g0535bb4 (webtiles) character file.

185 Gorglomux the Changer (level 5, -4/39 HPs)
             Began as an Octopode Transmuter on June 4, 2017.
             Killed from afar by an orc wizard (6 damage)
             ... with a magic dart
             ... on level 3 of the Dungeon.
             The game lasted 00:02:19 (2032 turns).

Gorglomux the Changer (Octopode Transmuter)         Turns: 2032, Time: 00:02:20

Health: -4/39      AC:  5    Str:  9    XL:     5   Next: 64%
Magic:  8/10       EV: 10    Int: 16    God:
Gold:   111        SH:  0    Dex: 13    Spells: 4/11 levels left

rFire    x . .     SeeInvis .     - Unarmed
rCold    + + +     Gourm    .   (shield currently unavailable)
rNeg     . . .     Faith    .   (helmet currently unavailable)
rPois    +         Spirit   .   (no amulet)
rElec    .         Reflect  .   (no ring)
rCorr    .         Harm     .   (no ring)
MR       .....                  (no ring)
Stlth    +.........             (no ring)
Regen    0.2/turn               (no ring)
MPRegen  0.2/turn               (no ring)
                                (no ring)
                                (no ring)

@: ice-form
A: almost no armour, stealthy swim, amphibious, 8 rings, (constrict 8)
a: End Transformation


You were on level 3 of the Dungeon.
You were very hungry.
You were a creature of crystalline ice.
You visited 1 branch of the dungeon, and saw 4 of its levels.

You collected 111 gold pieces.

Inventory:

Missiles
 a - 12 arrows
 Z - 2 throwing nets (quivered)
Jewellery
 X - a cursed ring of teleportation {unknown}
Scrolls
 A - 2 scrolls of enchant armour
 R - a scroll of remove curse {unknown}
 W - a scroll of fear {unknown}
 Y - a scroll of fog {unknown}
Books
 b - a book of Changes

   Spells                             Type                      Level
   a - Beastly Appendage              Transmutation                1
   b - Sticks to Snakes               Transmutation                2
   c - Spider Form                    Transmutation/Poison         3
   d - Ice Form                       Ice/Transmutation            4
   e - Blade Hands                    Transmutation                5
Comestibles
 c - 2 bread rations
 z - 2 meat rations
 S - 4 fruits


   Skills:
 - Level 1.0 Fighting
 - Level 2.0 Dodging
 - Level 3.0 Unarmed Combat
 + Level 3.7 Spellcasting
 + Level 4.0 Transmutations
 + Level 1.4 Ice Magic


You had 4 spell levels left.
You knew the following spells:

 Your Spells              Type           Power        Failure   Level  Hunger
a - Beastly Appendage     Tmut           ###...       3%          1    None
b - Sticks to Snakes      Tmut           ###.....     4%          2    ##.....
c - Ice Form              Ice/Tmut       ##......     50%         4    ####...


Dungeon Overview and Level Annotations

Branches:
Dungeon (4/15)
 Temple: D:4-7

Altars:


Innate Abilities, Weirdness & Mutations

You cannot wear most types of armour.
You are very stealthy in the water. (Stealth+)
You are amphibious.
You can wear up to eight rings at the same time.
((You can use your tentacles to constrict eight enemies at once.))
((Your skin changes colour to match your surroundings (Stealth+).))
((Your rubbery body absorbs attacks. (AC +1, EV +1)))


Message History

The orc wizard points at you and mumbles some strange words.
The puff of flame hits you! The fire burns you terribly!
* * * LOW HITPOINT WARNING * * *
The orc hits you but does no damage.
You closely miss the orc wizard.
The orc wizard is almost dead.
The orc wizard closely misses you. The orc hits you with a dagger.
* * * LOW HITPOINT WARNING * * *
Unknown command.
The orc wizard casts a spell.
The orc wizard flickers and vanishes!
You aren't carrying any potions.
You bump into the rock wall.
You feel less confused.
You miss something. You completely miss something.
You hear some strange, mumbled words.
A magic dart appears from out of thin air!
The magic dart hits you!
You die...

#### ... ..# ..# ..#
#.# .#########..# #.#
## .......Y{o..# #.#
#. #########)..# #.#
#. #)### #.# #. #.#
#.# #. #######.#
###.######รท
........####...>.....)
#####.......o#....o.).
#.#.#############.
#.#.# #.


You could see an orc.

Vanquished Creatures
  2 orc priests (D:3)
  A gnoll (D:1)
  5 adders
  An ooze (D:3)
  A worm (D:2)
  2 dart slugs (D:2)
  A leopard gecko (D:2)
  6 orcs
  A ball python (D:1)
  2 giant cockroaches (D:1)
  9 goblins
  4 hobgoblins
  2 jackals (D:2)
  3 quokkas (D:3)
  A bat (D:1)
  A frilled lizard (D:2)
  4 kobolds
  7 rats
53 creatures vanquished.

Notes
Turn   | Place    | Note
-------+----------+-------------------------------------------
     0 | D:1      | Gorglomux the Octopode Transmuter began the quest for the Orb.
     0 | D:1      | Reached XP level 1. HP: 13/13 MP: 3/3
   151 | D:1      | Reached XP level 2. HP: 16/18 MP: 3/5
   172 | D:1      | Learned a level 2 spell: Sticks to Snakes
   728 | D:2      | Reached XP level 3. HP: 21/23 MP: 6/6
   774 | D:2      | Reached skill level 3 in Transmutations
   872 | D:2      | Reached skill level 3 in Spellcasting
   872 | D:2      | Reached XP level 4. HP: 7/28 MP: 8/8
  1154 | D:2      | Learned a level 4 spell: Ice Form
  1256 | D:2      | Found a faded altar of an unknown god.
  1619 | D:3      | Reached skill level 1 in Ice Magic
  1619 | D:3      | Reached XP level 5. HP: 22/33 MP: 5/10
  1784 | D:3      | Reached skill level 4 in Transmutations
  2032 | D:3      | Killed from afar by an orc wizard

Skill      XL: |  1  2  3  4  5 |
---------------+----------------+-----
Transmutations | 3 4 |  4.0
Spellcasting   | 3 |  3.7
Ice Magic      | 1 |  1.4
Fighting       | |  1.0
Dodging        | |  2.0
Unarmed Combat | |  3.0

Action                   |  1- 3 |  4- 6 || total
-------------------------+-------+-------++-------
Melee: Unarmed           |    61 |    93 ||   154
       Kick              |     5 |       ||     5
       Constrict         |    16 |    19 ||    35
       Tentacles         |     8 |    13 ||    21
       Punch             |     1 |     1 ||     2
 Cast: Beastly Appendage |     5 |       ||     5
       Ice Form          |       |     2 ||     2
  Use: Potion            |       |     2 ||     2
       Scroll            |       |     1 ||     1
 Stab: Sleeping          |     7 |     5 ||    12
  Eat: Chunk             |       |     3 ||     3
Armor: Skin              |     4 |     6 ||    10
Dodge: Dodged            |    32 |    55 ||    87
